 Dungeon Crawl Stone Soup version 0.26-a0-542-gbaa144ba5c (webtiles) character file.

Game seed: 13245891205155829574

1288 MrRokkomies the Ducker (level 8, 0/48 HPs)
             Began as a Tengu Venom Mage on Aug 18, 2020.
             Was a Follower of Sif Muna.
             Killed by nerve-wracking pain
             ... invoked by Grinder
              (6 damage)
             ... while paralysed by Grinder
             ... on level 6 of the Dungeon.
             The game lasted 00:11:21 (7185 turns).

MrRokkomies the Ducker (Tengu Venom Mage)           Turns: 7185, Time: 00:11:22

Health: 0/48       AC:  3    Str:  9    XL:     8   Next: 55%
Magic:  4/15       EV:  2    Int: 17    God:    Sif Muna [*.....]
Gold:   152        SH:  0    Dex: 15    Spells: 2/15 levels left

rFire    . . .     SeeInvis .   w - +6 war axe "Wuanwidd" {flame, rPois rN+ MR-}
rCold    + . .     Faith    .   (no shield)
rNeg     + . .     Spirit   .   e - +0 robe
rPois    +         Reflect  .   (helmet restricted)
rElec    .         Harm     .   (no cloak)
rCorr    .                      g - +0 pair of gloves
MR       .....                  (boots unavailable)
Stlth    ++........             (no amulet)
HPRegen  0.16/turn              h - ring of protection from cold
MPRegen  0.14/turn              (no ring)

@: paralysed
A: beak, talons 3, able to fly
a: Fly, Channel Magic, Renounce Religion


You were on level 6 of the Dungeon.
You worshipped Sif Muna.
Sif Muna was aware of your devotion.
You visited 2 branches of the dungeon, and saw 7 of its levels.

You collected 152 gold pieces.

Inventory:

Hand Weapons
 a - a +0 spear
 l - a +2 dagger of speed
 m - a +3 short sword
 w - the +6 war axe "Wuanwidd" (weapon) {flame, rPois rN+ MR-}
   (You found it on level 5 of the Dungeon)

   It has been specially enchanted to burn those struck by it, causing extra
   injury to most foes and up to half again as much damage against particularly
   susceptible opponents.
   Big, fiery blades are also staple armaments of hydra-hunters.
   It protects you from poison.
   It protects you from negative energy.
   It affects your resistance to hostile enchantments.
Missiles
 v - 9 boomerangs (quivered)
Armour
 e - a +0 robe (worn)
 g - a +0 pair of gloves (worn)
Magical Staves
 q - an uncursed staff of conjuration
Jewellery
 h - a ring of protection from cold (left hand)
Wands
 y - a wand of disintegration (20)
Scrolls
 b - 4 scrolls of teleportation
 j - a scroll of enchant weapon
 n - a scroll of fear
 o - 2 scrolls of identify
 r - a scroll of immolation
 s - 4 scrolls of remove curse
 t - a scroll of fog
 x - a scroll of magic mapping
Potions
 c - 2 potions of stabbing
 d - 2 potions of cancellation
 f - 4 potions of lignification
 i - 4 potions of curing
 k - a potion of magic
 p - a potion of invisibility
 u - a potion of resistance {unknown}
 A - a potion of heal wounds {unknown}
 B - a potion of flight {unknown}


   Skills:
 + Level 3.7 Fighting
 * Level 6.7 Dodging
 - Level 2.0 Stealth
 - Level 4.1 Spellcasting
 - Level 0.7 Transmutations
 + Level 0.0 Air Magic
 * Level 6.6 Poison Magic


You had 2 spell levels left.
You knew the following spells:

 Your Spells              Type           Power        Failure   Level
a - Sting                 Tmut/Pois      ###.         3%          1
b - Poisonous Vapours     Pois/Air       ##....       6%          2
c - Olgreb's Toxic Radia  Pois           ####....     11%         4
d - Ignite Poison         Fire/Tmut/Pois ##......     17%         3
e - Mephitic Cloud        Conj/Pois/Air  ##......     19%         3

Your spell library contained the following spells:

 Spells                   Type           Power        Failure   Level
 Freeze                   Ice            #...         16%         1
 Frozen Ramparts          Ice            #.....       43%         3
 Ozocubu's Armour         Ice            #.......     43%         3
 Hailstorm                Conj/Ice       #.......     83%         4
 Summon Ice Beast         Ice/Summ       #.......     83%         4


Dungeon Overview and Level Annotations

Branches:
Dungeon (6/15)             Temple (1/1) D:4

Altars:
Ashenzari
Cheibriados
Dithmenos
Elyvilon
Gozag
Hepliaklqana
Kikubaaqudgha
Nemelex Xobeh
Okawaru
Qazlal
Ru
Sif Muna
Trog
Uskayaw
Vehumet
Wu Jian
Xom
Yredelemnul
The Shining One

Annotations:
D:6 Grinder


Innate Abilities, Weirdness & Mutations

You have a beak for a mouth.
You have claws for feet.
You can fly continuously.


Message History

Grinder hits you but does no damage.
You hit Grinder. You burn Grinder. Your kick misses Grinder.
Grinder is lightly wounded.
Grinder says, "Are you a fish?" Grinder hits you.
You writhe in agony.
You closely miss Grinder.
Grinder is lightly wounded.
Grinder gestures at you.
You suddenly lose the ability to move!
Grinder says, "DUCK!"
Grinder hits you.
You writhe in agony.
Grinder hits you.
You writhe in agony.
Grinder hits you!
You writhe in agony.
* * * LOW HITPOINT WARNING * * *
Your magical contamination has completely faded away.
Grinder hits you!
* * * LOW HITPOINT WARNING * * *
Grinder gestures at you. Pain shoots through your body!
You die...

#......#......#......
#......#......#......
. #......#......#
.....
...#####......#'##..##
...##
#.......###'##.#####
.. #.......+.......#
#.......#.......+
#.....5.#.5.....#
#.......#.@.....#
#.......#.......#
#.......#.......#
#.......#########
.........


You could see Grinder.

Vanquished Creatures
  Sigmund (D:5)
  A water moccasin (D:4)
  Purgy (D:3)
  2 ogres
  A centaur (D:6)
  2 scorpions
  A bullfrog zombie (D:5)
  3 orc priests
  A hound (D:5)
  4 orc wizards
  Jessica (D:2)
  Terence (D:3)
  2 worker ants
  Robin (D:2)
  A worker ant zombie (D:5)
  8 adders
  2 shadow imps (D:5)
  2 ufetubi
  An ooze (D:3)
  An adder skeleton (D:4)
  A worm (D:3)
  4 dart slugs (D:1)
  2 leopard geckos
  13 orcs
  2 giant cockroaches
  10 goblins
  7 hobgoblins
  10 jackals
  A quokka (D:4)
  A ball python (D:1)
  A ball python skeleton (D:4)
  4 bats
  3 frilled lizards
  11 kobolds
  A leopard gecko skeleton (D:4)
  A leopard gecko zombie (D:5)
  A quokka skeleton (D:5)
  7 rats
  A spectral orc (D:5)
118 creatures vanquished.

Notes
Turn   | Place    | Note
-------+----------+-------------------------------------------
     0 | D:1      | MrRokkomies the Tengu Venom Mage began the quest for the
                  | Orb.
     0 | D:1      | Reached XP level 1. HP: 10/10 MP: 4/4
   297 | D:1      | Reached XP level 2. HP: 14/15 MP: 4/6
   355 | D:1      | Learned a level 2 spell: Poisonous Vapours
   843 | D:1      | Reached XP level 3. HP: 17/20 MP: 4/7
  1494 | D:2      | Reached skill level 1 in Fighting
  1692 | D:2      | Noticed Jessica
  1694 | D:2      | Killed Jessica
  1694 | D:2      | Reached XP level 4. HP: 25/25 MP: 3/8
  1746 | D:2      | Noticed Robin
  1752 | D:2      | Killed Robin
  2400 | D:2      | You fall into a shaft and drop 2 floors!
  2541 | D:3      | Noticed Purgy
  2560 | D:3      | Killed Purgy
  2560 | D:3      | Gained mutation: You can fly continuously. [Tengu growth]
  2560 | D:3      | Reached XP level 5. HP: 4/30 MP: 3/10
  3051 | D:3      | Reached XP level 6. HP: 35/35 MP: 11/11
  3126 | D:3      | Noticed Terence
  3138 | D:3      | Killed Terence
  3706 | D:3      | Learned a level 4 spell: Olgreb's Toxic Radiance
  3710 | D:3      | Learned a level 3 spell: Ignite Poison
  4120 | D:4      | Found a staircase to the Ecumenical Temple.
  4138 | Temple   | Entered the Ecumenical Temple
  4511 | Temple   | Became a worshipper of Sif Muna the Loreminder
  4871 | D:4      | Reached skill level 5 in Poison Magic
  5021 | D:4      | Found a hazy altar of Hepliaklqana.
  5078 | D:4      | Reached XP level 7. HP: 40/40 MP: 7/12
  5084 | D:4      | Reached skill level 5 in Dodging
  5403 | D:4      | Found a glowing golden altar of the Shining One.
  5484 | D:5      | Entered Level 5 of the Dungeon
  6088 | D:5      | Reached * piety under Sif Muna
  6179 | D:5      | Found a basalt altar of Yredelemnul.
  6226 | D:5      | Reached XP level 8. HP: 38/46 MP: 14/14
  6426 | D:5      | Found a hide-covered altar of Uskayaw.
  6426 | D:5      | Found a faded altar of an unknown god.
  6491 | D:5      | Found a snail-covered altar of Cheibriados.
  6493 | D:5      | Found a stormy altar of Qazlal.
  6495 | D:5      | Found an ancient bone altar of Kikubaaqudgha.
  6501 | D:5      | Got a glimmering war axe
  6502 | D:5      | Identified the +6 war axe "Wuanwidd" {flame, rPois rN+ MR-}
                  | (You found it on level 5 of the Dungeon)
  6548 | D:5      | Found a sacrificial altar of Ru.
  6631 | D:5      | Noticed Sigmund
  6655 | D:5      | Killed Sigmund
  7160 | D:6      | Noticed Grinder
  7173 | D:6      | Learned a level 3 spell: Mephitic Cloud
  7181 | D:6      | Paralysed by Grinder for 7 turns
  7185 | D:6      | Killed from afar by Grinder

Illustrated notes

Levels and vault maps discovered:
D:1:      lemuel_arrival_rhombus, layout_loops_ring
D:2:      layout_basic, uniq_robin, uniq_jessica
D:3:      layout_loops_ring, lexackson_kobold_supper, uniq_terence, uniq_purgy
D:4:      layout_rooms, lemuel_doored_altar, tso_altar,
          minmay_temple_entry_proselytizer
D:5:      layout_rooms, nicolae_ru_path_of_blood,
          yredelemnul_forgotten_temple_becter,
          chequers_temple_overflow_minitemple, uniq_sigmund
D:6:      layout_gridville, uniq_menkaure, uniq_grinder
Temple:   minmay_temple_curvy_loop

Skill      XL: |  1  2  3  4  5  6  7  8 |
---------------+-------------------------+-----
Fighting       | 1 2 3 |  3.7
Dodging        | 3 4 5 6 |  6.7
Poison Magic   | 4 5 6 |  6.6
Spellcasting   | 3 4 |  4.1
Stealth        | |  2.0
Transmutations | |  0.7

Action                   |  1- 3 |  4- 6 |  7- 9 || total
-------------------------+-------+-------+-------++-------
Melee: Unarmed           |    37 |       |       ||    37
       Kick              |    20 |    28 |    36 ||    84
       Dagger            |    24 |    86 |   132 ||   242
       Peck              |     9 |    17 |    16 ||    42
       Spear             |    21 |    34 |       ||    55
       Short sword       |       |     4 |       ||     4
       War axe           |       |       |     9 ||     9
 Cast: Sting             |    17 |    21 |     2 ||    40
       Poisonous Vapours |     2 |    16 |    13 ||    31
       Olgreb's Toxic Ra |       |     2 |     4 ||     6
       Mephitic Cloud    |       |       |     2 ||     2
       Ignite Poison     |       |       |     1 ||     1
  Use: Scroll            |     6 |    12 |     1 ||    19
       Potion            |       |       |     1 ||     1
 Stab: Sleeping          |     3 |     6 |     2 ||    11
       Distracted        |     1 |       |     1 ||     2
Armor: Robe              |     5 |    10 |    16 ||    31
Dodge: Dodged            |    63 |    71 |    77 ||   211

Table legend: (Time is in decaauts)
 A = Elapsed time spent in this place.
 B = Non-inter-level travel time spent in this place.
 C = Inter-level travel time spent in this place.
 D = Time resting spent in this place.
 E = Time spent auto-exploring this place.
 F = Levels seen in this place.
 G = Mean time per level.
                   A        B        C        D        E       F      G
               +--------+--------+--------+--------+--------+-----+--------+
         Total |   7126 |   6974 |    152 |    930 |   5080 |   7 | 1018.0 |
       Dungeon |   6735 |   6633 |    102 |    856 |   4821 |   6 | 1122.5 |
        Temple |    390 |    340 |     50 |     74 |    259 |   1 |  390.0 |
               +--------+--------+--------+--------+--------+-----+--------+

Top non-repeatable levels by time:
     D:4: 1580 daAuts
     D:3: 1294 daAuts
     D:1: 1241 daAuts
     D:2: 1167 daAuts
     D:5: 1070 daAuts
  Temple: 390 daAuts
     D:6: 381 daAuts
